 Dungeon Crawl Stone Soup version bcrawl-1.18.1 (webtiles) character file.

Game seed: 11032888404154313951

2713 MisterOstroum the Quickloader (level 9, -9/69 HPs)
             Began as a Barachi Warper on Nov 11, 2019.
             Was a Plaything of Xom.
             Mangled by an orc warrior
             ... wielding a +2 flail of protection
              (18 damage)
             ... on level 6 of the Dungeon.
             The game lasted 00:59:54 (7769 turns).

MisterOstroum the Quickloader (Barachi Warper)      Turns: 7769, Time: 00:59:54

Health: -9/69      AC:  2    Str: 15    XL:     9   Next: 66%
Magic:  13/15      EV: 13    Int: 13    God:    Xom [....*.]
Gold:   172        SH:  0    Dex: 11    Spells: 7/16 levels left

rFire    . . .     SeeInvis +   a - +1 hand crossbow
rCold    . . .     Gourm    .   (no shield)
rNeg     . . .     Faith    .   c - +0 robe
rPois    .         Spirit   .   n - +0 hat
rElec    .         Reflect  .   (no cloak)
rCorr    .         Harm     .   (no gloves)
MR       .....                  v - +0 pair of boots
Stlth    +++.......             (no amulet)
HPRegen  0.21/turn              y - ring of stealth
MPRegen  0.14/turn              q - ring of see invisible

@: confused, slow
A: +LOS, swims, beak, deformed body, sense surroundings 1, slowness 1, weak 1,
sturdy frame 1, strong legs 1
a: Hop, Renounce Religion


You were on level 6 of the Dungeon.
You worshipped Xom.
You were a beloved toy of Xom.
You were not hungry.

You visited 1 branch of the dungeon, and saw 7 of its levels.
You visited the Abyss 1 time.

You collected 172 gold pieces.

Inventory:

Hand Weapons
 a - a +1 hand crossbow (weapon)
 b - a +1 dagger of speed
 w - a +0 falchion
Missiles
 f - 167 bolts (quivered)
 i - 622 stones
 z - 79 tomahawks
Armour
 c - a +0 robe (worn)
 j - a +0 shield
 n - a +0 hat (worn)
 v - a +0 pair of boots (worn)
 D - a cursed +0 pair of gloves
Jewellery
 k - an uncursed ring of fire
 l - an uncursed ring of flight
 q - a ring of see invisible (right hand)
 y - a ring of stealth (left hand)
Wands
 s - a wand of paralysis (7)
Scrolls
 r - 2 scrolls of enchant weapon
 t - a scroll of fog {!r}
 u - a scroll of remove curse {unknown}
 C - a scroll of identify {unknown}
Potions
 d - 2 potions of curing {@q1 !q}
 p - a potion of invisibility {unknown}
 x - a potion of mutation
 A - a potion of flight {unknown}
 B - a potion of agility {unknown}
Comestibles
 e - 3 rations {!d}


   Skills:
 - Level 6.1 Fighting
 * Level 9.2 Crossbows
 + Level 3.7 Dodging
 - Level 3.0 Stealth
 - Level 4.0 Spellcasting
 - Level 6.8 Translocations


You had 7 spell levels left.
You knew the following spells:

 Your Spells              Type           Power        Failure   Level  Hunger
a - Blink Other           Tloc           ###...       1%          1    None
b - Teleport Other        Tloc           ###.....     3%          3    ###....
B - Blink                 Tloc           N/A          1%          2    ##.....
P - Portal Projectile     Tloc           ###...       3%          3    ###....

Your spell library contained the following spells:

 Spells                   Type           Power        Failure   Level  Hunger
 Passage of Golubria      Tloc           N/A          34%         5    ######.


Dungeon Overview and Level Annotations

Branches:
Dungeon (7/12)
 Temple: D:4-7         Lair: D:7-9

Altars:
Elyvilon
Xom

Shops:
D:5 :

Annotations:
D:6 1 exclusion


Innate Abilities, Weirdness & Mutations

Shadows flee at your approach. (+LOS)
You can swim through water.
You cover ground slowly.
You can hop short distances.
You have a beak for a mouth.
Armour fits poorly on your strangely shaped body.
You passively map a small area around you.
You are weak. (Str -2)
Your movements are slightly less encumbered by armour. (ER -2)


Message History

You kill the quokka!
An orc warrior comes into view.
It is wielding a +2 flail of protection. "Serve the toy, my child!"
An orc priest comes into view. It is wielding a +0 short sword.
Firing (i - inventory. (/) - cycle)
f - 174 bolts (quivered)
Press: ? - help, Shift-Dir - straight line, f - orc priest
Aim: an orc priest, wielding a +0 short sword and wearing a +0 leather armour (hasn't noticed you)
You shoot a bolt.
The bolt closely misses the orc warrior.
The orc warrior shouts!
The bolt hits the orc priest.
The orc priest is moderately wounded.
Firing (i - inventory. (/) - cycle)
f - 173 bolts (quivered)
Press: ? - help, Shift-Dir - straight line, f/p - orc priest
Aim: an orc priest, wielding a +0 short sword and wearing a +0 leather armour (moderately wounded)
You shoot a bolt. The bolt hits the orc warrior.
The orc warrior is lightly wounded.
Firing (i - inventory. (/) - cycle)
f - 172 bolts (quivered)
Press: ? - help, Shift-Dir - straight line, f/p - orc priest
Aim: an orc priest, wielding a +0 short sword and wearing a +0 leather armour (moderately wounded)
Okay, then.
Unknown command.
Your ufetubus hits the orc warrior but does no damage. x2
The orc warrior hits your ufetubus with a +2 flail of protection!
Your ufetubus dies!
Firing (i - inventory. (/) - cycle)
f - 172 bolts (quivered)
Press: ? - help, Shift-Dir - straight line, f/p - orc priest
Aim: an orc priest, wielding a +0 short sword and wearing a +0 leather armour (moderately wounded)
You shoot a bolt. The bolt hits the orc warrior!
The orc warrior is moderately wounded.
A crimson imp comes into view.
Firing (i - inventory. (/) - cycle)
f - 171 bolts (quivered)
Press: ? - help, Shift-Dir - straight line, f/p - orc priest
Aim: an orc priest, wielding a +0 short sword and wearing a +0 leather armour (moderately wounded)
You shoot a bolt.
The bolt closely misses the orc warrior.
The crimson imp shouts!
The bolt hits the orc priest!
The orc priest is almost dead.
The crimson imp blinks!
An orc comes into view. It is wielding a +0 club.
Firing (i - inventory. (/) - cycle)
f - 170 bolts (quivered)
Press: ? - help, Shift-Dir - straight line, f/p - orc priest
Aim: an orc priest, wielding a +0 short sword and wearing a +0 leather armour (almost dead)
You shoot a bolt.
The bolt hits the orc priest but does no damage.
The orc priest is almost dead.
Firing (i - inventory. (/) - cycle)
f - 169 bolts (quivered)
Press: ? - help, Shift-Dir - straight line, f/p - orc priest
Aim: an orc priest, wielding a +0 short sword and wearing a +0 leather armour (almost dead)
You shoot a bolt. The bolt hits the orc warrior.
The orc warrior is heavily wounded.
The orc priest calls upon Beogh to heal the orc warrior.
The orc warrior is healed somewhat.
The orc warrior completely misses you.
Casting: Blink (safe; 1% risk of failure)
Confirm with . or Enter, or press ? or * to list all spells.
Aiming: Blink Other (safe; 1% risk of failure)
Press: ? - help, Shift-Dir - straight line, f/p - orc priest
Aim: an orc priest, wielding a +0 short sword and wearing a +0 leather armour (almost dead, chance to defeat MR: 72%)
The orc warrior blinks!
Casting: Blink Other (safe; 1% risk of failure)
Confirm with . or Enter, or press ? or * to list all spells.
You blink.
The orc priest invokes the aid of Beogh against you.
Beogh smites you!
There is a stone staircase leading up here.
Firing (i - inventory. (/) - cycle)
f - 168 bolts (quivered)
Press: ? - help, Shift-Dir - straight line, f/p - orc priest
Aim: an orc priest, wielding a +0 short sword and wearing a +0 leather armour (almost dead)
You shoot a bolt. The bolt hits the orc warrior.
The orc warrior is moderately wounded.
The orc priest mumbles some strange prayers to Beogh against you.
Beogh smites you! The orc warrior completely misses you.
You climb upwards.
Level annotation: 1 exclusion
There is a stone staircase leading down here.
Casting: Blink (safe; 1% risk of failure)
Confirm with . or Enter, or press ? or * to list all spells.
Aiming: Teleport Other (safe; 3% risk of failure)
Press: ? - help, Shift-Dir - straight line, f - orc warrior
Aim: an orc warrior, wielding a +2 flail of protection and wearing a +0 plate armour (moderately wounded, chance to defeat MR: 59%)
The orc warrior resists with significant effort.
The orc warrior hits you with a +2 flail of protection!!
* * * LOW HITPOINT WARNING * * *
Really quaff
d - 3 potions of curing {@q1 !q}?
You feel better.
The orc warrior hits you with a +2 flail of protection!!
* * * LOW HITPOINT WARNING * * *
It was a potion of ambrosia.
You are confused.
You feel invigorated.
You're too confused to move!
The orc warrior hits you with a +2 flail of protection.
* * * LOW HITPOINT WARNING * * *
You bump into the rock wall.
The orc warrior hits you with a +2 flail of protection!!
You die...
Xom chuckles heartily!

.................######.....#
.#########..................#
.# ##...#######..........# .#
#..### ######.....# .# #.##
#.....# .# #..# #######
.#######.########
.......#........##
######......###.@######## ###
######......o.....)# ..##
####..........###
#..###########............###
##<.....................#...#
#############..........#####
#..........# ############


You could see an orc warrior.

Vanquished Creatures
  A hippogriff (D:5)
  Sigmund (D:4)
  A hungry ghost (D:6)
  A phantom (D:5)
  5 ice beasts
  A sky beast (D:6)
  A necrophage (D:5)
  3 ogres
  A centaur (D:6)
  A crocodile (D:7)
  A bullfrog (D:6)
  A big kobold (D:6)
  A scorpion (D:3)
  A small abomination (Abyss:1)
  2 howler monkeys
  2 crimson imps (D:4)
  A bullfrog zombie (D:5)
  3 quasits
  A hound (D:6)
  4 jellies (D:5)
  3 orc priests
  2 orc wizards
  A bullfrog skeleton (D:2)
  An iguana (D:5)
  A hound skeleton (D:6)
  9 adders
  3 gnolls (D:5)
  3 oozes
  3 worms
  2 dart slugs (D:2)
  5 leopard geckos
  20 orcs
  10 bats
  A giant cockroach (D:4)
  6 goblins
  4 hobgoblins
  5 jackals
  14 kobolds
  6 quokkas
  A frilled lizard (D:2)
  9 rats
142 creatures vanquished.

Vanquished Creatures (others)
  A worker ant (D:4)
  10 starspawn tentacles (Abyss:1)
11 creatures vanquished.

Grand Total: 153 creatures vanquished

Notes
Turn   | Place    | Note
-------+----------+-------------------------------------------
     0 | D:1      | MisterOstroum the Barachi Warper began the quest for the
                  | Orb.
     0 | D:1      | Reached XP level 1. HP: 17/17 MP: 2/2
   292 | D:1      | Reached XP level 2. HP: 23/23 MP: 3/3
   296 | D:1      | Learned a level 2 spell: Blink
   895 | D:2      | Reached XP level 3. HP: 29/29 MP: 4/4
   956 | D:2      | Reached skill level 3 in Crossbows
   956 | D:2      | Reached XP level 4. HP: 35/35 MP: 3/5
  1733 | D:3      | Reached XP level 5. HP: 42/42 MP: 5/7
  1738 | D:3      | Learned a level 3 spell: Portal Projectile
  2051 | D:3      | Found a faded altar of an unknown god.
  2051 | D:3      | Noticed an ogre
  2110 | D:4      | Noticed Sigmund
  2139 | D:3      | Reached skill level 4 in Crossbows
  2353 | D:3      | Found a shimmering altar of Xom.
  2357 | D:3      | Found a shimmering altar of Xom.
  2357 | D:3      | Found a shimmering altar of Xom.
  2357 | D:3      | Found a shimmering altar of Xom.
  2357 | D:3      | Found a shimmering altar of Xom.
  2358 | D:3      | Found a shimmering altar of Xom.
  2370 | D:3      | Became a worshipper of Xom of Chaos
  2392 | D:3      | XOM: silly message
  2399 | D:3      | Reached XP level 6. HP: 36/48 MP: 1/9
  2567 | D:3      | Found a white marble altar of Elyvilon.
  2588 | D:3      | Reached skill level 1 in Stealth
  3115 | D:3      | XOM: potion effect (invisibility)
  3126 | D:3      | XOM is BORED!
  3126 | D:3      | XOM: medium Fire miscast
  3161 | D:3      | XOM: scenery: create altars
  3570 | D:4      | XOM: harmless Conj miscast
  3706 | D:4      | Reached XP level 7. HP: 53/54 MP: 10/10
  3715 | D:4      | Reached skill level 5 in Crossbows
  3851 | D:4      | XOM: divination: detect creatures
  3874 | D:4      | Killed Sigmund
  3874 | D:4      | Reached skill level 5 in Translocations
  4428 | D:4      | XOM: medium Air miscast
  4516 | D:5      | Entered Level 5 of the Dungeon
  4586 | D:5      | Found Feradd's Book Emporium.
  4586 | D:5      | XOM: noise
  4630 | D:5      | XOM: summons 4 hostile shadow creatures
  4642 | D:4      | Reached skill level 6 in Crossbows
  4956 | D:5      | Reached XP level 8. HP: 61/61 MP: 3/11
  5091 | D:5      | XOM is BORED!
  5091 | D:5      | XOM: 4-stop teleportation journey
  5186 | D:5      | XOM: divination: detect items
  5416 | D:5      | XOM: divination: detect items
  5424 | D:5      | Reached skill level 5 in Fighting
  5487 | D:5      | XOM: potion effect (haste)
  5496 | D:5      | Reached skill level 7 in Crossbows
  5518 | D:5      | Noticed a hippogriff
  5527 | D:5      | Killed a hippogriff
  5738 | D:5      | Learned a level 3 spell: Teleport Other
  5849 | D:5      | XOM: summons 1 hostile demon
  6003 | D:5      | XOM: give mutations
  6003 | D:5      | Gained mutation: You are clumsy. (Dex -2) [Xom's mischief]
  6003 | D:5      | Gained mutation: You are dopey. (Int -2) [Xom's mischief]
  6003 | D:5      | Gained mutation: You are partially covered in yellow
                  | scales. (AC +2) [Xom's mischief]
  6003 | D:5      | Gained mutation: Scrolls take you a little longer to read.
                  | [Xom's mischief]
  6035 | D:5      | Reached XP level 9. HP: 68/68 MP: 6/14
  6505 | D:6      | XOM: medium Fire miscast
  6694 | D:6      | Reached skill level 8 in Crossbows
  6723 | D:6      | XOM is BORED!
  6723 | D:6      | Cast into level 1 of the Abyss (Xom)
  6752 | Abyss:1  | Noticed an ancient zyme
  6752 | Abyss:1  | XOM: swap monsters
  6755 | Abyss:1  | Noticed an efreet
  6795 | Abyss:1  | Noticed an ancient zyme
  6811 | Abyss:1  | Noticed an efreet
  6820 | Abyss:1  | HP: 2/68 [ynoxinul (6)]
  6832 | Abyss:1  | Lost mutation: You are dopey. (Int -2) [potion of mutation]
  6832 | Abyss:1  | Lost mutation: You are partially covered in yellow scales.
                  | (AC +2) [potion of mutation]
  6832 | Abyss:1  | Lost mutation: You are clumsy. (Dex -2) [potion of
                  | mutation]
  6832 | Abyss:1  | Gained mutation: Your movements are slightly less
                  | encumbered by armour. (ER -2) [potion of mutation]
  6832 | Abyss:1  | Gained mutation: Your muscles are strong. (Str +2) [potion
                  | of mutation]
  6833 | Abyss:1  | Noticed a tentacled starspawn
  6850 | Abyss:1  | XOM: enchant monster (good)
  6865 | Abyss:1  | XOM: scenery: create altars
  6875 | Abyss:1  | Lost mutation: Scrolls take you a little longer to read.
                  | [potion of mutation]
  6875 | Abyss:1  | Lost mutation: Your muscles are strong. (Str +2) [potion of
                  | mutation]
  6875 | Abyss:1  | Gained mutation: You passively map a small area around you.
                  | [potion of mutation]
  6875 | Abyss:1  | Gained mutation: You have a beak for a mouth. [potion of
                  | mutation]
  6909 | D:6      | Escaped the Abyss
  7349 | D:6      | XOM: harmless Pois miscast
  7432 | D:6      | XOM: polymorph bullfrog -> sky beast
  7485 | D:6      | XOM: give mutations
  7485 | D:6      | Gained mutation: You are weak. (Str -2) [Xom's mischief]
  7485 | D:6      | Gained mutation: Armour fits poorly on your strangely
                  | shaped body. [Xom's mischief]
  7493 | D:6      | Reached skill level 9 in Crossbows
  7541 | D:6      | XOM: scenery: create altars
  7732 | D:7      | XOM: god gift: 31 gold pieces
  7746 | D:7      | XOM: summons friendly ufetubus
  7766 | D:6      | HP: 2/69 [orc warrior/+2 flail of protection (21)]
  7769 | D:6      | Mangled by an orc warrior

Skill      XL: |  1  2  3  4  5  6  7  8  9 |
---------------+----------------------------+-----
Fighting       | 3 4 5 6 |  6.1
Crossbows      | 3 4 6 7 9 |  9.2
Translocations | 4 5 6 |  6.8
Spellcasting   | 2 3 4 |  4.0
Stealth        | 2 3 |  3.0
Dodging        | 3 |  3.7

Action                   |  1- 3 |  4- 6 |  7- 9 || total
-------------------------+-------+-------+-------++-------
Melee: Dagger            |    28 |    97 |    61 ||   186
 Fire: Hand crossbow     |    44 |   123 |   283 ||   450
Throw: Stone             |     9 |    16 |    12 ||    37
 Cast: Blink             |     2 |     8 |    37 ||    47
       Blink Other       |     2 |    19 |    26 ||    47
       Portal Projectile |       |     1 |    19 ||    20
       Teleport Other    |       |       |     4 ||     4
 Abil: Hop               |     5 |     5 |     2 ||    12
       Cancel Portal Pro |       |       |     1 ||     1
  Use: Scroll            |       |     2 |     5 ||     7
       Potion            |       |     1 |     9 ||    10
  Eat: Chunk             |     1 |     7 |     7 ||    15
       Ration            |       |     1 |     4 ||     5
Armor: Robe              |    14 |    22 |    36 ||    72
Dodge: Dodged            |    31 |    85 |    92 ||   208
